AoeStats
← Lerny

Black Forest

510601772Analyzed
2v2 RM · 7h ago on Oct 1, 2026· 48m 7s· 4 players
Game mode
Random Map
Map size
Medium (4 player)
Population
200
Speed
Normal
Resources
Standard
Victory
Conquest
Starting age
Dark Age
Ending age
Imperial Age
RankedLock teamsTeams togetherTeam positionsShared explorationLock speedFull tech treeHidden civsTurbo modeCheats
Victory
Defeat
🇨🇱 Italians · Chile
996
+13
🇨🇱 Bohemians · Chile
941
+15
🇩🇪 Franks · Germany
947
-15
🇩🇪 Varangians · Germany
906
-13
|||||||||||||||||||
0:48 Loom
12:39 Feudal Age
18:20 Castle Age
16:21 Double-Bit Axe
16:24 Horse Collar
24:26 Bow Saw
25:03 Heavy Plow
25:58 Gold Mining
27:19 Wheelbarrow
26:56 Stone Mining
28:46 Hand Cart
30:59 Stone Shaft Mining
30:30 Scale Mail Armor
30:39 Scale Barding Armor
32:52 Forging
33:02 Chain Barding Armor
35:36 Imperial Age
34:27 Husbandry
34:38 Bloodlines
33:50 Light Cavalry
34:59 Treadmill Crane
35:29 Masonry
35:23 Scale Mail Armor
35:11 Pikeman
36:26 Squires
37:03 Conscription
37:25 Vendel Legacy
39:26 Chain Mail Armor
40:11 Elite Jarl
41:44 Gothikon
43:39 Halberdier
44:56 Plate Mail Armor
45:08 Iron Casting
46:09 Plate Barding Armor
46:02 Hussar
47:48 Blast Furnace
Chill
0:35 Loom
18:13 Feudal Age
18:29 Man-at-Arms
20:00 Double-Bit Axe
26:41 Castle Age
26:20 Scale Mail Armor
26:31 Forging
27:05 Gold Mining
27:08 Stone Mining
27:49 Bow Saw
29:24 Coinage
31:19 Elite Skirmisher
33:14 Long Swordsman
38:57 Light Cavalry
41:55 Pikeman
42:58 Squires
Remixi
0:27 Loom
13:33 Feudal Age
17:39 Castle Age
16:20 Double-Bit Axe
20:59 Horse Collar
26:35 Heavy Plow
28:04 Bow Saw
28:58 Wheelbarrow
29:08 Stone Mining
30:53 Hand Cart
30:53 Gold Mining
32:03 Stone Shaft Mining
32:59 Fortified Wall
36:45 Imperial Age
34:04 Town Watch
35:56 Ballistics
35:19 Treadmill Crane
35:34 Fletching
35:44 Padded Archer Armor
37:21 Thumb Ring
37:31 Elite Genoese Crossbowman
38:34 Conscription
38:58 Crop Rotation
39:31 Two-Man Saw
39:31 Bodkin Arrow
39:51 Leather Archer Armor
41:27 Chemistry
40:54 Town Patrol
40:58 Bracer
49:03 Ring Archer Armor
48:46 Forging
Lerny
1:16 Loom
19:24 Feudal Age
23:42 Castle Age
21:40 Double-Bit Axe
22:40 Horse Collar
27:21 Bow Saw
32:49 Heavy Plow
40:19 Wheelbarrow
42:06 Husbandry
42:46 Scale Barding Armor
44:35 Wagenburg Tactics
Connection lost

Rejoining the realm…

Still unreachable

The connection could not be restored.

Session expired

The server has moved on; the page needs a fresh start.